 Dungeon Crawl Stone Soup version 0.31-a0-175-g9f7f995f2b (webtiles) character file.

Game seed: 9903211214659629121

84 qw the Chopper (level 4, 0/28 HPs)
             Began as a Gargoyle Fighter on June 17, 2023.
             Slain by a gnoll
             ... wielding a +0 spear
              (4 damage)
             ... on level 2 of the Dungeon.
             The game lasted 00:00:39 (1129 turns).

qw the Chopper (Gargoyle Fighter)                   Turns: 1129, Time: 00:00:40

Health: 0/28       AC: 10    Str: 21 (22) XL:     4   Next: 46%
Magic:  4/4        EV:  9    Int:  8      God:
Gold:   104        SH:  4    Dex:  8 (9)  Spells: 3/3 levels left

rFire   . . .        Y - +0 war axe
rCold   . . .        c - +0 buckler
rNeg    + . .        b - +0 scale mail
rPois   inf          (no helmet)
rElec   +            (no cloak)
rCorr   .            (no gloves)
SInv    .            (no boots)
Will    .....        (no amulet) Stlth
                     (no ring)
HPRegen 0.24/turn    (no ring)
MPRegen 0.09/turn

%: no passive effects
@: no status effects
A: sickness immunity, AC +3, negative energy resistance 1, electricity
resistance, torment resistance 1, petrification resistance
a: no special abilities


You were on level 2 of the Dungeon.
You visited 1 branch of the dungeon, and saw 2 of its levels.

You collected 104 gold pieces.


Innate Abilities, Weirdness & Mutations

You are immune to sickness and miasma.
Your stone body is resilient. (AC +3)
You are immune to poison.
You resist negative energy. (rN+)
You are resistant to electric shocks. (rElec)
You are resistant to unholy torment.
You are immune to petrification.


   Skills:
 - Level 3.2 Fighting
 + Level 4.1 Axes
 - Level 3.2 Armour
 - Level 3.2 Shields


You had 3 spell levels left.
You didn't know any spells.
Your spell library was empty.

Inventory:

Hand Weapons
 k - a +0 flail
 Y - a +0 war axe (weapon)
Armour
 b - a +0 scale mail (worn)
 c - a +0 buckler (worn)
Scrolls
 a - a scroll of identify {unknown}
Potions
 d - 2 potions of might
 e - 2 potions of curing
 g - a potion of haste {unknown}

Dungeon Overview and Level Annotations

Branches:
Dungeon (2/15)

Altars:
Wu Jian


Message History

The gnoll hits you with a +0 flail. You block the gnoll's attack.
You barely miss the gnoll.
The gnoll is lightly wounded.
The endoplasm quivers.
You hit the gnoll. The gnoll barely misses you.
The gnoll hits you but does no damage. The gnoll closely misses you.
The gnoll hits you but does no damage. The gnoll hits you with a +0 flail.
You block the gnoll's attack.
You hit the gnoll but do no damage.
The gnoll is moderately wounded.
You slash the gnoll! The gnoll completely misses you.
The gnoll hits you with a +0 flail.
The gnoll hits you from afar with a +0 spear!
You hit the gnoll.
You kill the gnoll!
You closely miss the gnoll. The gnoll hits you with a +0 club.
The gnoll hits you but does no damage.
You feel your intelligence returning.
Your Axes skill increases to level 4!
You hit the gnoll.
The gnoll is heavily wounded.
The gnoll barely misses you. You block the gnoll's attack.
The gnoll hits you but does no damage. The gnoll barely misses you.
You slash the gnoll!
You kill the gnoll!
You block the gnoll's attack. The gnoll barely misses you.
You see here a +0 flail.
You barely miss the gnoll.
The gnoll hits you but does no damage. x2
You barely miss the gnoll. The gnoll hits you but does no damage.
You closely miss the gnoll. The gnoll hits you but does no damage.
You barely miss the gnoll.
The gnoll hits you but does no damage. x2
You hit the gnoll.
The gnoll is heavily wounded.
The gnoll hits you with a +0 spear.
You die... #.......# .........### #.......# .......... .......<. .?......# ##.....%. ....... ...####.# ..... .## #.. bJ.

#.. #g# #.. ####@#
#######.. # #...)#
#........ ##...##.#
#........ ......##.##
#........
..........#######........
(.........[..............
####.._........##########
#...........#
#.....#######


You could see a gnoll, an endoplasm and a bat.

Vanquished Creatures
  3 gnolls
  An adder (D:2)
  2 dart slugs
  5 endoplasms (D:1)
  2 giant cockroaches
  3 hobgoblins
  2 jackals (D:1)
  A quokka (D:1)
  3 ball pythons
  A bat (D:2)
  2 frilled lizards (D:1)
  5 goblins (D:1)
  6 kobolds (D:1)
  5 rats
41 creatures vanquished.

Notes
Turn   | Place    | Note
-------+----------+-------------------------------------------
     0 | D:1      | qw the Gargoyle Fighter began the quest for the Orb.
     0 | D:1      | Reached XP level 1. HP: 14/14 MP: 1/1
     0 | D:1      | 0 ||| qw: Version: 0.3-a-2-g5ab2908
     0 | D:1      | 0 ||| qw: Game counter: 214
     0 | D:1      | 0 ||| qw: Always use a shield: true
     0 | D:1      | 0 ||| qw: God list: Okawaru
     0 | D:1      | 0 ||| qw: Allow faded altars: false
     0 | D:1      | 0 ||| qw: Do Orc after D:15 true
     0 | D:1      | 0 ||| qw: Do second Lair branch before Depths: true
     0 | D:1      | 0 ||| qw: Lair rune preference: random
     0 | D:1      | 0 ||| qw: Plans: Normal, Zot:1-4, Slime:5, God:TSO, Crypt,
                  | Tomb, Abyss, Pan, Hells, Win
     0 | D:1      | 0 ||| PLANNING D:1-11
    63 | D:1      | Reached skill level 2 in Axes
    80 | D:1      | Reached XP level 2. HP: 16/19 MP: 2/2
   316 | D:1      | 316 ||| Stepping ~*~*~tactically~*~*~ (stealth).
   370 | D:1      | 370 ||| Stepping ~*~*~tactically~*~*~ (stealth).
   373 | D:1      | 373 ||| Stepping ~*~*~tactically~*~*~ (stealth).
   386 | D:1      | 386 ||| Stepping ~*~*~tactically~*~*~ (stealth).
   443 | D:1      | Reached skill level 3 in Axes
   596 | D:1      | Reached XP level 3. HP: 23/23 MP: 3/3
   664 | D:1      | 664 ||| DROPPING +0 club.
   976 | D:1      | 976 ||| READING scroll labelled HOUCLEGUVO.
   977 | D:1      | 977 ||| READING scroll labelled SIRCHO XIGOLIE.
   978 | D:1      | 978 ||| DRINKING 3 grey potions.
   979 | D:1      | 979 ||| DRINKING 2 smoky ruby potions.
   980 | D:1      | 980 ||| DROPPING potion of degeneration.
  1045 | D:2      | Reached XP level 4. HP: 28/28 MP: 4/4
  1097 | D:2      | Found an ornate altar of the Wu Jian Council.
  1109 | D:2      | 1109 ||| Stepping ~*~*~tactically~*~*~ (hiding).
  1120 | D:2      | HP: 7/28 [gnoll/+0 spear (8)]
  1121 | D:2      | HP: 2/28 [gnoll/+0 club (6)]
  1122 | D:2      | Reached skill level 4 in Axes
  1129 | D:2      | Slain by a gnoll

Levels and vault maps discovered:
D:1:      dpeg_arrival_court, layout_loops_corners,
          chequers_serial_rivers_large_a
D:2:      layout_rooms, shapermc_ecumenical_altar_petra, basic_altar

Skill      XL: |  1  2  3  4 |
---------------+-------------+-----
Axes           | 2 3 4 |  4.1
Fighting       | |  3.2
Armour         | |  3.2
Shields        | |  3.2

Action                     |  1- 3 |  4- 6 || total
---------------------------+-------+-------++-------
  Melee: War axe           |    89 |    26 ||   115
    Use: Scroll            |     2 |       ||     2
         Potion            |     2 |       ||     2
 Armour: Scale mail        |    42 |    20 ||    62
  Dodge: Dodged            |    32 |    14 ||    46
  Block: Buckler           |    15 |     6 ||    21

Table legend:
 A = Non-vault XP
 B = Vault XP
 C = Vault XP percentage of total XP
 D = Non-vault monster count
 E = Vault monster count
 F = Vault count percentage of total count
                 A         B        C        D         E       F
            +---------+---------+-------+---------+---------+-------
      Total |     121 |       0 |   0.0 |      41 |       0 |   0.0
            +---------+---------+-------+---------+---------+-------
        D:1 |      65 |       0 |   0.0 |      31 |       0 |   0.0
        D:2 |      56 |       0 |   0.0 |      10 |       0 |   0.0
            +---------+---------+-------+---------+---------+-------
